 Dungeon Crawl Stone Soup version 0.30-a0-782-ge64f9170bb (webtiles) character file.

Game seed: 13281446645663504586

440 Crownlay the Digger (level 7, -8/36 HPs)
             Began as a Gargoyle Earth Elementalist on Feb 28, 2023.
             Mangled by an orc warrior
             ... wielding a +0 flail
              (10 damage)
             ... on level 4 of the Dungeon.
             The game lasted 00:04:54 (3456 turns).

Crownlay the Digger (Gargoyle Earth Elementalist)   Turns: 3456, Time: 00:04:54

Health: -8/36      AC: 12    Str: 11    XL:     7   Next: 2%
Magic:  1/14       EV: 16    Int: 18    God:
Gold:   145        SH:  0    Dex: 10    Spells: 12/16 levels left

rFire   . . .      SeeInvis .    i - +0 dagger
rCold   . . .      Faith    .    (no shield)
rNeg    + . .      Spirit   .    r - +2 robe {Will+}
rPois   ∞          Reflect  .    h - +1 hat
rElec   +          Harm     .    s - +2 cloak
rCorr   .          Rampage  .    (no gloves)
Will    +....                    (no boots)
Stlth   ++                       v - amulet of magic regeneration
HPRegen 0.26/turn                k - +5 ring of evasion
MPRegen 0.54/turn                (no ring)

@: flying, very slightly contaminated
A: sickness immunity, AC +4, negative energy resistance 1, electricity
resistance, torment resistance 1, petrification resistance
a: no special abilities


You were on level 4 of the Dungeon.
You visited 1 branch of the dungeon, and saw 4 of its levels.

You collected 145 gold pieces.

Inventory:

Hand Weapons
 i - a +0 dagger (weapon)
Armour
 f - a +0 kite shield
 h - a +1 hat (worn)
 r - a +2 robe of willpower (worn)
 s - a +2 cloak (worn)
Jewellery
 k - a +5 ring of evasion (left hand)
 v - an amulet of magic regeneration (around neck)
 w - a ring of willpower
Scrolls
 c - 4 scrolls of identify
 g - 2 scrolls of teleportation
 j - 3 scrolls of poison
 m - a scroll of enchant armour {unknown}
 n - a scroll of blinking {unknown}
 o - 2 scrolls of noise
 p - a scroll of magic mapping {unknown}
 q - a scroll of silence {unknown}
 u - a scroll of vulnerability {unknown}
 y - a scroll of amnesia {unknown}
Potions
 a - 2 potions of flight
 b - a potion of magic
 d - 2 potions of curing {unknown}
 e - a potion of lignification {unknown}
 l - a potion of mutation {unknown}
 t - a potion of degeneration {unknown}
 x - a potion of might {unknown}


   Skills:
 - Level 1.5 Dodging
 - Level 2.1 Stealth
 + Level 3.2 Shields
 * Level 5.0 Spellcasting
 - Level 0.7 Transmutations
 + Level 5.5 Earth Magic


You had 12 spell levels left.
You knew the following spells:

 Your Spells              Type           Power      Damage    Failure   Level
a - Sandblast             Erth           48%        2d12      1%          1
b - Stone Arrow           Conj/Erth      28%        3d8       13%         3

Your spell library contained the following spells:

 Spells                   Type           Power      Damage    Failure   Level
 Passwall                 Tmut/Erth      12%        N/A       5%          2
 Summon Small Mammal      Summ           16%        N/A       13%         1
 Ignite Poison            Fire/Tmut/Pois 5%         N/A       34%         3
 Call Canine Familiar     Summ           4%         N/A       36%         3
 Summon Guardian Golem    Hex/Summ       4%         N/A       36%         3
 Petrify                  Tmut/Erth      15%        N/A       36%         4
 Sticky Flame             Conj/Fire      4%         2d3       78%         4
 Ignition                 Fire           2%         3d3       100%        8


Dungeon Overview and Level Annotations

Branches:
Dungeon (4/15)
 Temple: D:4-7

Altars:

Shops:
D:3 [


Innate Abilities, Weirdness & Mutations

You are immune to sickness and miasma.
Your stone body is resilient. (AC +4)
You are immune to poison.
You resist negative energy. (rN+)
You are resistant to electric shocks. (rElec)
You are resistant to unholy torment.
You are immune to petrification.


Message History

The blast of sand misses the orc warrior.
The orc warrior hits you with a +0 flail.
You hit the orc warrior but do no damage.
The orc warrior is severely wounded.
The orc warrior hits you with a +0 flail!
Casting: Sandblast (safe; 1% risk of failure)
Confirm with . or Enter, or press ? or * to list all spells.
Aiming: Sandblast (safe; 1% risk of failure)
Press: ? - help, Shift-Dir - straight line, f/p - orc warrior
Aim: an orc warrior, wielding a +0 flail and wearing a +0 chain mail (severely wounded, 81% to hit)
The blast of sand hits the orc warrior.
The orc warrior is almost dead.
The orc warrior hits you with a +0 flail.
The orc warrior closely misses you.
Casting: Sandblast (safe; 1% risk of failure)
Confirm with . or Enter, or press ? or * to list all spells.
Aiming: Sandblast (safe; 1% risk of failure)
Press: ? - help, Shift-Dir - straight line, f/p - orc warrior
Aim: an orc warrior, wielding a +0 flail and wearing a +0 chain mail (almost dead, 81% to hit)
You miscast Sandblast.
You are very lightly contaminated with residual magic.
Nothing appears to happen.
The orc warrior hits you with a +0 flail.
* * * LOW HITPOINT WARNING * * *
Casting: Sandblast (safe; 1% risk of failure)
Confirm with . or Enter, or press ? or * to list all spells.
Aiming: Sandblast (safe; 1% risk of failure)
Press: ? - help, Shift-Dir - straight line, f/p - orc warrior
Aim: an orc warrior, wielding a +0 flail and wearing a +0 chain mail (almost dead, 81% to hit)
You miscast Sandblast.
Nothing appears to happen.
The orc warrior hits you with a +0 flail.
* * * LOW HITPOINT WARNING * * *
Casting: Sandblast (safe; 1% risk of failure)
Confirm with . or Enter, or press ? or * to list all spells.
You don't have enough magic to cast this spell.
It was a potion of flight.
You feel very buoyant.
You fly up into the air.
The orc warrior hits you with a +0 flail!
You die...

###...........######
............#.......#
###..#......#.#####.#
....##.#......# #..
#......#.†..#########
......<............# #
########.....#####.#
#..'...####..####..# #
......#o@.# ##.......# ##
..... ##).# #..#....####.
##+# ##..###..#.##..#[..
#...##...#.###.....
#...##.#.#.# ###... ###
####..##.....# #....
#..##..#).#....######.#.#
+......'..#.#..#........#
##8..8##..#.......#######


You could see an orc warrior.

Vanquished Creatures
  Sigmund (D:2)
  An ogre (D:4)
  Crazy Yiuf (D:2)
  8 adders
  2 worms (D:2)
  A dart slug (D:2)
  6 orcs
  9 ball pythons
  5 bats
  9 endoplasms
  3 giant cockroaches
  3 goblins
  7 hobgoblins
  3 jackals (D:2)
  A quokka (D:3)
  5 kobolds
  7 rats
72 creatures vanquished.

Notes
Turn   | Place    | Note
-------+----------+-------------------------------------------
     0 | D:1      | Crownlay the Gargoyle Earth Elementalist began the quest
                  | for the Orb.
     0 | D:1      | Reached XP level 1. HP: 10/10 MP: 3/3
   215 | D:1      | Reached XP level 2. HP: 15/15 MP: 3/5
  1007 | D:2      | Reached XP level 3. HP: 15/19 MP: 0/7
  1325 | D:2      | Reached skill level 1 in Shields
  1409 | D:2      | Reached XP level 4. HP: 24/24 MP: 5/8
  1575 | D:3      | Found Ulutao's Armour Emporium.
  2259 | D:2      | Reached XP level 5. HP: 28/28 MP: 8/10
  2410 | D:2      | Found a runed translucent door.
  2411 | D:2      | Noticed Crazy Yiuf
  2429 | D:2      | Noticed Sigmund
  2438 | D:2      | Killed Sigmund
  2439 | D:2      | Reached skill level 5 in Earth Magic
  2439 | D:2      | Reached XP level 6. HP: 18/32 MP: 3/12
  2716 | D:2      | Learned a level 3 spell: Stone Arrow
  2719 | D:2      | Killed Crazy Yiuf
  3426 | D:4      | Reached skill level 5 in Spellcasting
  3437 | D:4      | Noticed an orc warrior
  3441 | D:4      | Reached XP level 7. HP: 36/36 MP: 12/14
  3456 | D:4      | Mangled by an orc warrior

Illustrated notes

Levels and vault maps discovered:
D:1:      erik_arrival_blinker_ship, layout_basic
D:2:      layout_basic, kennysheep_generic_room_7, uniq_sigmund,
          uniq_crazy_yiuf_cottage
D:3:      layout_loops_corners, serial_shops, nicolae_shop_crystal,
          grunt_ministairs_15
D:4:      minmay_chambers_of_twos, layout_rooms

Skill      XL: |  1  2  3  4  5  6 |
---------------+-------------------+-----
Earth Magic    | 4 5 |  5.5
Spellcasting   | 3 4 5 |  5.0
Shields        | 1 2 3 |  3.2
Dodging        | |  1.5
Stealth        | |  2.1
Transmutations | |  0.7

Action                     |  1- 3 |  4- 6 |  7- 9 || total
---------------------------+-------+-------+-------++-------
  Melee: Dagger            |     2 |       |     3 ||     5
   Cast: Sandblast         |    40 |    72 |     4 ||   116
         Stone Arrow       |       |       |     4 ||     4
    Use: Scroll            |       |     3 |       ||     3
         Potion            |       |       |     1 ||     1
 Armour: Robe              |     7 |     3 |     1 ||    11
  Dodge: Dodged            |     9 |    23 |     7 ||    39

Table legend: (Time is in decaauts)
 A = Elapsed time spent in this place.
 B = Non-inter-level travel time spent in this place.
 C = Inter-level travel time spent in this place.
 D = Time resting spent in this place.
 E = Time spent auto-exploring this place.
 F = Levels seen in this place.
 G = Mean time per level.
                   A        B        C        D        E       F      G
               +--------+--------+--------+--------+--------+-----+--------+
         Total |   3511 |   3321 |    190 |      0 |   2883 |   4 |  877.8 |
       Dungeon |   3511 |   3321 |    190 |      0 |   2883 |   4 |  877.8 |
               +--------+--------+--------+--------+--------+-----+--------+

Top non-repeatable levels by time:
     D:2: 1416 daAuts
     D:1: 980 daAuts
     D:3: 932 daAuts
     D:4: 182 daAuts
